 Dungeon Crawl Stone Soup version 0.30-a0-1160-g6e42c06551 (webtiles) character file.

Game seed: 2608648925395309184

362 BlasphemerAmon the Purveyor of Pain (level 6, -1/32 HPs)
             Began as a Vine Stalker Necromancer on Apr 25, 2023.
             Was an Initiate of Kikubaaqudgha.
             Succumbed to Dowan's poison
             ... on level 4 of the Dungeon.
             The game lasted 00:10:13 (1806 turns).

BlasphemerAmon the Purveyor of Pain (VSNe)          Turns: 1806, Time: 00:10:15

Health: -1/32      AC:  6    Str: 18    XL:     6   Next: 66%
Magic:  6/12       EV: 12    Int: 15    God:    Kikubaaqudgha [......]
Gold:   82         SH:  0    Dex: 15    Spells: 8/12 levels left

rFire   . . .        h - +5 hand axe "Motrec" {freeze, Will++}
rCold   . . .        (no shield)
rNeg    . . .        a - +0 robe
rPois   .            (no helmet)
rElec   .            f - +0 cloak
rCorr   +            (no gloves)
SInv    .            d - +2 pair of boots
Will    ++...        e - amulet of magic regeneration
Stlth   +++          m - +6 ring of strength
HPRegen 1.05/turn    c - ring of resist corrosion
MPRegen 0.53/turn

%: guardian spirit
@: lethally poisoned (-1 -> -12)
A: fangs 2, regeneration 1, magic shield, antimagic bite, no potion heal 2
a: Renounce Religion


You were on level 4 of the Dungeon.
You worshipped Kikubaaqudgha.
Kikubaaqudgha was noncommittal.
You visited 2 branches of the dungeon, and saw 5 of its levels.

You collected 82 gold pieces.

Inventory:

Hand Weapons
 h - the +5 hand axe "Motrec" (weapon) {freeze, Will++}
   (You found it on level 4 of the Dungeon)

   Will:      It greatly increases your willpower.
 i - a +2 mace of draining
Armour
 a - a +0 robe (worn)
 d - a +2 pair of boots (worn)
 f - a +0 cloak (worn)
Jewellery
 c - a ring of resist corrosion (right hand)
 e - an amulet of magic regeneration (around neck)
 l - a ring of positive energy
 m - a +6 ring of strength (left hand)
Scrolls
 g - 2 scrolls of identify
 j - 2 scrolls of noise
Potions
 b - a potion of magic
 k - a potion of flight {unknown}
 n - 2 potions of brilliance


   Skills:
 + Level 2.7 Fighting
 - Level 1.6 Dodging
 + Level 4.8 Stealth
 + Level 3.9 Spellcasting
 + Level 5.1 Necromancy


You had 8 spell levels left.
You knew the following spells:

 Your Spells              Type           Power      Damage    Failure   Level
a - Necrotise             Necr           72%        1d7       2%          1
b - Vampiric Draining     Necr           18%        2d7       7%          3

Your spell library contained the following spells:

 Spells                   Type           Power      Damage    Failure   Level
 Animate Dead             Necr           18%        N/A       22%         4
 Agony                    Necr           18%        N/A       52%         5


Dungeon Overview and Level Annotations

Branches:
Dungeon (4/15)             Temple (1/1) D:4

Altars:
Ashenzari
Cheibriados
Dithmenos
Elyvilon
Fedhas
Gozag
Hepliaklqana
Kikubaaqudgha
Makhleb
Okawaru
Ru
Sif Muna
Trog
Vehumet
Wu Jian
Xom

Annotations:
D:4 Dowan


Innate Abilities, Weirdness & Mutations

You have extremely sharp teeth.
Your natural rate of healing is unusually fast.
When hurt, damage is shared between your health and your magic reserves.
Your bite disrupts and absorbs the magic of your enemies.
Potions cannot restore your health.


Message History

a +0 short sword; a +0 ring mail; the elf corpse of Duvessa You feel sick.
You hit Dowan. You freeze Dowan. You bite Dowan.
Dowan's magic leaks into the air.
You drain his magic.
You feel invigorated.
Dowan is lightly wounded.
You feel sick.
Dowan hits you with a +4 dagger of venom.
You are more poisoned.
Dowan hits you but does no damage.
You are more poisoned.
You hit Dowan. You freeze Dowan.
Dowan is moderately wounded.
You feel very sick. Dowan closely misses you. Dowan barely misses you.
Casting: Vampiric Draining (quite dangerous; 7% risk of failure)
Confirm with . or Enter, or press ? or * to list all spells.
The spell is quite dangerous to miscast (7% risk of failure)!
Continue anyway?
Aiming: Vampiric Draining (quite dangerous; 7% risk of failure)
Press: ? - help, Shift-Dir - straight line, f - Dowan
Aim: Dowan, wielding a +4 dagger of venom and wearing a +2 robe (moderately wounded, fast, magic disrupted)
You draw life force from Dowan!
You feel life coursing into your body.
You feel very sick.
Dowan hits you with a +4 dagger of venom.
You are lethally poisoned!
* * * LOW HITPOINT WARNING * * *
You feel very sick.
Dowan hits you with a +4 dagger of venom.
* * * LOW HITPOINT WARNING * * *
You are more poisoned.
* * * LOW HITPOINT WARNING * * *
You feel very sick.
Casting: Vampiric Draining (quite dangerous; 7% risk of failure)
Confirm with . or Enter, or press ? or * to list all spells.
The spell is quite dangerous to miscast (7% risk of failure)!
Continue anyway?
Aiming: Vampiric Draining (quite dangerous; 7% risk of failure)
Press: ? - help, Shift-Dir - straight line, f/p - Dowan
Aim: Dowan, wielding a +4 dagger of venom and wearing a +2 robe (heavily wounded, fast, magic disrupted)
You draw life force from Dowan.
You feel life coursing into your body.
You die...
Kikubaaqudgha rasps: "You have failed me!
Welcome... death!"

###############
#.............#
#)###########.# #.# #)#
#e# #.# #@# #e# ####.#
... #############.##.#
... #..............#.###
#..#.
#..)...............#
#..#.
#..#######...............
...#.# #..#
#.##.##.#.###.##
...#######.##.##.#.#
...........##.##....


You could see Dowan (fast, magic disrupted).

Vanquished Creatures
  Duvessa (D:4)
  A scorpion (D:4)
  3 iguanas (D:4)
  3 gnolls (D:4)
  4 adders
  2 worms (D:2)
  An orc (D:4)
  5 endoplasms
  A giant cockroach (D:3)
  5 goblins
  3 hobgoblins
  4 jackals
  A quokka (D:3)
  4 ball pythons
  7 bats
  3 frilled lizards
  5 kobolds
  3 rats
56 creatures vanquished.

Vanquished Creatures (collateral kills)
  A hobgoblin (D:2)
  A ball python (D:2)
2 creatures vanquished.

Vanquished Creatures (others)
  2 plants (D:4)
2 creatures vanquished.

Grand Total: 60 creatures vanquished

Notes
Turn   | Place    | Note
-------+----------+-------------------------------------------
     0 | D:1      | BlasphemerAmon the Vine Stalker Necromancer began the quest
                  | for the Orb.
     0 | D:1      | Reached XP level 1. HP: 9/9 MP: 4/4
   453 | D:2      | Reached XP level 2. HP: 14/14 MP: 4/6
   569 | D:2      | Reached skill level 1 in Fighting
   569 | D:2      | Reached XP level 3. HP: 3/18 MP: 0/7
   798 | D:2      | Learned a level 3 spell: Vampiric Draining
  1073 | D:3      | Gained mutation: Your natural rate of healing is unusually
                  | fast. [Vine Stalker growth]
  1073 | D:3      | Reached XP level 4. HP: 22/22 MP: 7/9
  1237 | D:4      | Found a broken altar of Ashenzari.
  1274 | D:4      | Reached XP level 5. HP: 19/26 MP: 6/10
  1291 | D:4      | Identified the +5 hand axe "Motrec" {freeze, Will++}
  1300 | D:4      | Became a worshipper of Ashenzari the Shackled
  1325 | D:4      | Found a staircase to the Ecumenical Temple.
  1334 | Temple   | Entered the Ecumenical Temple
  1541 | Temple   | Fell from the grace of Ashenzari
  1541 | Temple   | Became a worshipper of Kikubaaqudgha
  1586 | D:4      | Found an ornate altar of the Wu Jian Council.
  1622 | D:4      | Found a shadowy altar of Dithmenos.
  1716 | D:4      | Reached skill level 5 in Necromancy
  1716 | D:4      | Reached XP level 6. HP: 26/32 MP: 9/12
  1766 | D:4      | Noticed Dowan
  1766 | D:4      | Noticed Duvessa
  1798 | D:4      | Killed Duvessa
  1799 | D:4      | Was forgiven by Ashenzari
  1806 | D:4      | Succumbed to Dowan's poison

Illustrated notes

Levels and vault maps discovered:
D:1:      minmay_arrival_open_corners, layout_basic,
          chequers_ecumenical_altar_simple_redux, corexii_leaking_fountain
D:2:      layout_basic
D:3:      minmay_evil_eye, layout_rooms, feat_on_display
D:4:      layout_loops_ring, grunt_dithmenos_smoke, lemuel_crystal_altar,
          mainiacjoe_overflow_concentric_impassable,
          minmay_temple_entry_gardened_gates, serial_shops, shop,
          saegor_snake_ambush, uniq_duvessa
Temple:   compressed_dpeg_triangle_lava_temple

Skill      XL: |  1  2  3  4  5 |
---------------+----------------+-----
Fighting       | 1 2 |  2.7
Stealth        | 3 4 |  4.8
Spellcasting   | 3 |  3.9
Necromancy     | 5 |  5.1
Dodging        | |  1.6

Action                     |  1- 3 |  4- 6 || total
---------------------------+-------+-------++-------
  Melee: Unarmed           |    41 |       ||    41
         Bite              |    16 |    15 ||    31
         Mace              |    15 |    37 ||    52
         Hand axe          |       |    35 ||    35
   Cast: Necrotise         |    36 |    11 ||    47
         Vampiric Draining |     2 |     3 ||     5
    Use: Potion            |     2 |       ||     2
         Scroll            |       |     3 ||     3
   Stab: Distracted        |       |     1 ||     1
 Armour: Robe              |    24 |    30 ||    54
  Dodge: Dodged            |    44 |    42 ||    86

Table legend: (Time is in decaauts)
 A = Elapsed time spent in this place.
 B = Non-inter-level travel time spent in this place.
 C = Inter-level travel time spent in this place.
 D = Time resting spent in this place.
 E = Time spent auto-exploring this place.
 F = Levels seen in this place.
 G = Mean time per level.
                   A        B        C        D        E       F      G
               +--------+--------+--------+--------+--------+-----+--------+
         Total |   1840 |   1829 |     11 |    298 |      0 |   5 |  368.0 |
       Dungeon |   1605 |   1594 |     11 |    298 |      0 |   4 |  401.2 |
        Temple |    234 |    234 |      0 |      0 |      0 |   1 |  234.0 |
               +--------+--------+--------+--------+--------+-----+--------+

Top non-repeatable levels by time:
     D:2: 840 daAuts
     D:4: 355 daAuts
  Temple: 234 daAuts
     D:3: 215 daAuts
     D:1: 194 daAuts
